 Dungeon Crawl Stone Soup version 0.20.0-15-g7f486f2 (webtiles) character file.

173 Cactus the Firebug (level 5, -1/57 HPs)
             Began as a Draconian Fire Elementalist on June 18, 2017.
             Killed from afar by an orc wizard (5 damage)
             ... with a puff of frost
             ... on level 3 of the Dungeon.
             The game lasted 00:12:07 (3264 turns).

Cactus the Firebug (Draconian Fire Elementalist)    Turns: 3264, Time: 00:12:08

Health: -1/57      AC: 22    Str: 10    XL:     5   Next: 28%
Magic:  2/8        EV:  2    Int: 17    God:
Gold:   103        SH:  0    Dex: 11    Spells: 5/8 levels left

rFire    . . .     SeeInvis .   a - +0 hand axe
rCold    . . .     Gourm    .   (no shield)
rNeg     + + +     Faith    .   (armour unavailable)
rPois    +         Spirit   .   (helmet currently unavailable)
rElec    .         Reflect  .   (cloak currently unavailable)
rCorr    .         Harm     .   (gloves currently unavailable)
MR       .....     NoTele   +   (boots currently unavailable)
Stlth    ++........             (no amulet)
Regen    0.2/turn               (no ring)
MPRegen  0.2/turn               (no ring)

@: tree-form
A: unfitting armour, AC +5
a: no special abilities


You were on level 3 of the Dungeon.
You were not hungry.
You were a tree.
You visited 1 branch of the dungeon, and saw 3 of its levels.

You collected 103 gold pieces.

Inventory:

Hand Weapons
 a - a +0 hand axe (weapon)
 b - a +0 blowgun
Missiles
 o - 5 poisoned needles
Wands
 m - a wand of random effects (18/48)
Scrolls
 e - a scroll of noise {unknown}
 f - 4 scrolls of remove curse {unknown}
 g - 7 scrolls of identify {unknown}
 h - a scroll of teleportation {unknown}
 q - a scroll of magic mapping {unknown}
 r - 3 scrolls of fear {unknown}
Potions
 c - a potion of flight {unknown}
 i - a potion of brilliance {unknown}
 l - a potion of curing {unknown}
 n - a potion of agility {unknown}
 p - a potion of might {unknown}
Books
 d - a book of Flames

   Spells                             Type                      Level
   a - Flame Tongue                   Conjuration/Fire             1
   b - Throw Flame                    Conjuration/Fire             2
   c - Conjure Flame                  Conjuration/Fire             3
   d - Inner Flame                    Hexes/Fire                   3
   e - Sticky Flame                   Conjuration/Fire             4
   f - Fireball                       Conjuration/Fire             5
Comestibles
 k - 3 chunks of flesh


   Skills:
 + Level 2.4 Dodging
 - Level 2.0 Stealth
 - Level 2.0 Spellcasting
 + Level 2.4 Conjurations
 * Level 5.1 Fire Magic


You had 5 spell levels left.
You knew the following spells:

 Your Spells              Type           Power        Failure   Level  Hunger
a - Throw Flame           Conj/Fire      ##....       6%          2    ###....
z - Flame Tongue          Conj/Fire      ##...        4%          1    #......


Dungeon Overview and Level Annotations

Branches:
Dungeon (3/15)

Altars:
Ashenzari
Ru
Trog


Innate Abilities, Weirdness & Mutations

((Your plain brown scales are hard. (AC +5)))
You cannot fit into any form of body armour.
((You are cold-blooded and may be slowed by cold attacks.))


Message History

The orc wizard hits you but does no damage.
You cannot move.
You miss the orc wizard.
The orc wizard is lightly wounded.
You barely miss something. Something hits you.
* * * LOW HITPOINT WARNING * * *
The orc wizard barely misses you. Something hits you but does no damage.
You hit the orc wizard but do no damage.
The orc wizard is lightly wounded.
You hit something. Something hits you but does no damage.
The orc wizard hits you but does no damage.
Something hits you but does no damage.
The orc wizard hits you but does no damage.
You barely miss the orc wizard.
The orc wizard is lightly wounded.
You closely miss something.
You hear some strange, mumbled words.
A puff of frost appears from out of thin air!
Helpless, you fail to dodge the puff of frost.
You die...

._.§§##.#
....≈§#.#########################
≈.§≈§##..........................
#'####≈.#########################
≈.≈§≈≈≈.# ##### # #.......# #...#
# #.......# #...# #
.[......######.o.################
............)..{♣................
###.....######...####......)..###
#.....# ##### #.#######.# #######
#######.# #.# ###########.....#.#
#.### #......).##.###.#.# #....
#........##.# #.#.# #####
#.)......##.# #...#
#####........##.# #####


You could see an orc wizard.

Vanquished Creatures
  Terence (D:3)
  5 adders
  An ooze (D:1)
  3 worms
  A dart slug (D:1)
  A leopard gecko (D:3)
  4 orcs (D:3)
  A ball python (D:3)
  8 bats
  4 giant cockroaches
  7 goblins
  6 hobgoblins
  9 jackals (D:1)
  9 kobolds
  3 quokkas
  11 frilled lizards
  10 rats
84 creatures vanquished.

Notes
Turn   | Place    | Note
-------+----------+-------------------------------------------
     0 | D:1      | Cactus the Draconian Fire Elementalist began the quest for the Orb.
     0 | D:1      | Reached XP level 1. HP: 14/14 MP: 3/3
   194 | D:1      | Reached XP level 2. HP: 20/20 MP: 0/5
   293 | D:1      | Learned a level 2 spell: Throw Flame
   760 | D:1      | Reached XP level 3. HP: 21/26 MP: 1/6
   841 | D:1      | Reached skill level 4 in Fire Magic
  1329 | D:2      | Found a shattered altar of Ashenzari.
  1503 | D:1      | Reached XP level 4. HP: 12/33 MP: 3/7
  2924 | D:3      | Noticed Terence
  2946 | D:3      | Killed Terence
  2984 | D:3      | Reached XP level 5. HP: 33/38 MP: 0/8
  3067 | D:3      | Reached skill level 5 in Fire Magic
  3120 | D:3      | Found a sacrificial altar of Ru.
  3203 | D:3      | Found a bloodstained altar of Trog.
  3264 | D:3      | Killed from afar by an orc wizard

Skill      XL: |  1  2  3  4  5 |
---------------+----------------+-----
Fire Magic     | 4 5 |  5.1
Stealth        | 2 |  2.0
Dodging        | 2 |  2.4
Conjurations   | 2 |  2.4
Spellcasting   | |  2.0

Action                   |  1- 3 |  4- 6 || total
-------------------------+-------+-------++-------
Melee: Hand axe          |    68 |    97 ||   165
       Tailslap          |     8 |    10 ||    18
       Unarmed           |     2 |       ||     2
 Fire: Blowgun           |       |    12 ||    12
 Cast: Flame Tongue      |    38 |    38 ||    76
       Throw Flame       |    14 |    10 ||    24
Evoke: Wand              |       |     1 ||     1
  Use: Potion            |       |     1 ||     1
 Stab: Sleeping          |     2 |     1 ||     3
  Eat: Chunk             |     3 |     3 ||     6
       Bread ration      |       |     1 ||     1
Armor: Skin              |    24 |    56 ||    80
Dodge: Dodged            |    59 |   120 ||   179
